 Dungeon Crawl Stone Soup version 0.30-a0-830-gfe289a77b0 (webtiles) character file.

Game seed: 4442484027190915268

27 Nacht the Ducker (level 2, 0/14 HPs)
             Began as a Felid Chaos Knight on Feb 28, 2023.
             Was a Plaything of Xom.
             Slain by Natasha (12 damage)
             ... on level 2 of the Dungeon.
             The game lasted 00:00:46 (926 turns).

Nacht the Ducker (Felid Chaos Knight)                Turns: 926, Time: 00:00:46

Health: 0/14       AC:  1    Str:  8    XL:     2   Next: 93%
Magic:  3/3        EV: 18    Int: 13    God:    Xom [*.....]
Gold:   96         SH:  0    Dex: 15    Spells: 1/1 levels left
                                        Lives:  0   Deaths: 0

rFire   . . .      SeeInvis +      - Unarmed
rCold   . . .      Faith    .    (shield unavailable)
rNeg    . . .      Spirit   .    (body armour unavailable)
rPois   .          Reflect  .    (helmet unavailable)
rElec   .          Harm     .    (cloak unavailable)
rCorr   .          Rampage  .    (gloves unavailable)
Will    .....                    (boots unavailable)
Stlth   ++                       (no amulet)
HPRegen 0.22/turn                (no ring)
MPRegen 0.08/turn                (no ring)

@: quick
A: very small, claws 1, fangs 3, see invisible, speed 1, shaggy fur 1, stealthy
paws, no weapons or thrown items, no armour, multi-lived
a: Renounce Religion


You were on level 2 of the Dungeon.
You worshipped Xom.
You were a special plaything of Xom.
You visited 1 branch of the dungeon, and saw 2 of its levels.

You collected 96 gold pieces.

Inventory:

Scrolls
 b - a scroll of fear {unknown}
 c - a scroll of magic mapping {unknown}
 d - a scroll of summoning {unknown}
 h - a scroll of teleportation {unknown}
 i - a scroll of poison {unknown}
Potions
 e - a potion of curing {unknown}
 f - a potion of degeneration {unknown}
 g - a potion of berserk rage {unknown}
Miscellaneous
 a - a piece from Xom's chessboard (15/15) (quivered)


   Skills:
 + Level 3.3 Fighting
 + Level 3.7 Dodging
 + Level 1.8 Stealth
 + Level 3.3 Unarmed Combat


You had one spell level left.
You didn't know any spells.
Your spell library was empty.

Dungeon Overview and Level Annotations

Branches:
Dungeon (2/15)

Altars:

Shops:
D:1 [(

Annotations:
D:2 Natasha


Innate Abilities, Weirdness & Mutations

You have sharp claws.
You have razor-sharp teeth.
You have supernaturally acute eyesight. (SInv)
You cover ground quickly. (Speed+)
You are covered in fur. (AC +1)
Your paws help you pounce on unaware monsters.
You are incapable of wielding weapons or throwing items.
You cannot wear armour.
You gain extra lives every three experience levels.


Message History

You scratch the quokka.
You kill the quokka!
No target in view!
No target in view!
No target in view!
No target in view!
No target in view!
No target in view!
No target in view!
No target in view!
Found a stone staircase leading down.
There is a stone staircase leading down here.
Natasha, Servant of Life and Death comes into view.
Natasha is nearby!
Natasha stares at you and mumbles some strange words.
The magic dart hits you. Natasha misses you.
You scratch Natasha.
Natasha is lightly wounded. "Go forth and destroy!"
You feel much better.
You are now a special plaything of Xom.
Natasha mumbles some strange words.
You closely miss Natasha. You claw Natasha, but do no damage.
Natasha is lightly wounded. "This might be better!"
Natasha seems to grow stronger.
Natasha closely misses you.
You scratch Natasha.
Natasha is heavily wounded.
Natasha mumbles some strange words.
You closely miss Natasha. You bite Natasha, but do no damage.
Natasha is heavily wounded.
Natasha claws you.
The crimson imp blinks!
You scratch Natasha.
Natasha is severely wounded.
You hear Xom's maniacal laughter.
Natasha claws you!
Ouch! That really hurt!
You die...
Xom howls with laughter!

#### r5# #h# #@#
#S# ######g###
........5.#
#######.#.########
.......>........
#####.#.#######.
###.#.#
..#.#.#######.


You could see Natasha (strong), 2 crimson imps, an adder (summoned), a goblin
(summoned) and a rat (summoned).

Vanquished Creatures
  2 dart slugs (D:1)
  A ball python (D:1)
  4 endoplasms (D:1)
  2 giant cockroaches (D:1)
  3 goblins (D:1)
  2 hobgoblins (D:1)
  3 kobolds (D:1)
  A quokka (D:2)
  A rat (D:2)
19 creatures vanquished.

Notes
Turn   | Place    | Note
-------+----------+-------------------------------------------
     0 | D:1      | Nacht the Felid Chaos Knight began the quest for the Orb.
     0 | D:1      | Reached XP level 1. HP: 10/10 MP: 2/2
    28 | D:1      | Found Hiyzann's Antique Weapon Shoppe.
   123 | D:1      | Found Pearoc's Armour Shoppe.
   131 | D:1      | Reached skill level 1 in Stealth
   168 | D:1      | Reached XP level 2. HP: 14/14 MP: 3/3
   407 | D:1      | XOM: butterfly on damage
   837 | D:2      | XOM: silly message
   918 | D:2      | Noticed Natasha
   922 | D:2      | XOM: potion effect (heal wounds)
   923 | D:2      | XOM: enchant monster (bad)
   923 | D:2      | Noticed a crimson imp
   925 | D:2      | Noticed a crimson imp
   926 | D:2      | XOM: summons 3 hostile shadow creatures
   926 | D:2      | Slain by Natasha

Illustrated notes

Levels and vault maps discovered:
D:1:      psy_arrival_conway, layout_basic, serial_shops, shop, shop_coins,
          chequers_serial_rivers_large_a, st_stairs_5, minmay_misc_feat_hallway
D:2:      layout_basic, hellmonk_ecumenical_altar_watching_god, uniq_natasha

Skill      XL: |  1 |
---------------+----+-----
Stealth        | 1 |  1.8
Fighting       | |  3.3
Dodging        | |  3.7
Unarmed Combat | |  3.3

Action                     || total
---------------------------++-------
  Melee: Unarmed           ||    50
         Bite              ||     5
         Punch             ||     1
   Stab: Sleeping          ||     5
 Armour: Skin              ||     2
  Dodge: Dodged            ||    30

Table legend: (Time is in decaauts)
 A = Elapsed time spent in this place.
 B = Non-inter-level travel time spent in this place.
 C = Inter-level travel time spent in this place.
 D = Time resting spent in this place.
 E = Time spent auto-exploring this place.
 F = Levels seen in this place.
 G = Mean time per level.
                   A        B        C        D        E       F      G
               +--------+--------+--------+--------+--------+-----+--------+
         Total |    784 |    776 |      8 |      0 |    642 |   2 |  392.0 |
       Dungeon |    784 |    776 |      8 |      0 |    642 |   2 |  392.0 |
               +--------+--------+--------+--------+--------+-----+--------+

Top non-repeatable levels by time:
     D:1: 688 daAuts
     D:2: 96 daAuts
